 Dungeon Sprint DCSS version 0.28.0-43-g3370ac3207 (webtiles) character file.

Game seed: 3842067189614909728

121 Groucho the Covert (level 4, -3/18 HPs)
             Began as a Spriggan Enchanter on Mar 27, 2022.
             Slain by a neqoxec (9 damage)
             ... in the Dungeon (Sprint II: "The Violet Keep of Menkaure").
             The game lasted 00:00:30 (34 turns).

Groucho the Covert (Spriggan Enchanter)               Turns: 34, Time: 00:00:31

Health: -3/18      AC:  2    Str:  4    XL:     4   Next: 76%
Magic:  9/13       EV: 17    Int: 16    God:
Gold:   0          SH:  0    Dex: 15    Spells: 15/15 levels left

rFire   . . .      SeeInvis +   a - +1 dagger
rCold   . . .      Faith    .   (no shield)
rNeg    . . .      Spirit   .   b - +0 robe
rPois   .          Reflect  .   (helmet restricted)
rElec   .          Harm     .   (no cloak)
rCorr   .          Rampage  .   (gloves unavailable)
Will    .....      NoTele   +   (boots unavailable)
Stlth   +++++.....              (no amulet)
HPRegen 0.06/turn               (no ring)
MPRegen 0.13/turn               (no ring)

@: on berserk cooldown, hasted and slowed, very quick
A: very small, no large weapons, unfitting armour, see invisible, speed 3, frail
1, weak 1, devolution 1
a: no special abilities


You were in the Dungeon.
You visited 1 branch

Inventory:

Hand Weapons
 a - a +1 dagger (weapon)
Armour
 b - a +0 robe (worn)
Scrolls
 i - a scroll of blinking
Potions
 c - a potion of invisibility
 d - a potion of curing
 e - a potion of heal wounds
 g - 2 potions of magic


   Skills:
 - Level 1.1 Short Blades
 - Level 2.6 Dodging
 * Level 11.3 Stealth
 + Level 6.2 Spellcasting
 + Level 6.7 Hexes


You had 15 spell levels left.
You didn't know any spells.
Your spell library contained the following spells:

 Spells                   Type           Power      Damage    Failure   Level
 Confusing Touch          Hex            26%        N/A       2%          3
 Tukima's Dance           Hex            26%        N/A       2%          3
 Ensorcelled Hibernation  Hex/Ice        30%        N/A       4%          2
 Dazzling Flash           Conj/Hex       30%        N/A       10%         3


Dungeon Overview and Level Annotations

Branches:
Dungeon (1/1)

Altars:


Innate Abilities, Weirdness & Mutations

You are very small and have problems with some larger weapons.
You are too small for most types of armour.
You have supernaturally acute eyesight. (SInv)
You cover ground extremely quickly. (Speed+++)
You are frail. (-10% HP)
You are weak. (Str -2)
You have hidden genetic defects.


Message History

A neqoxec is nearby!
A neqoxec is nearby!
You feel yourself speed up.
You hit the neqoxec but do no damage. The neqoxec completely misses you.
You feel a genetic drift.
You feel frail.
Unknown command.
You barely miss the neqoxec. The neqoxec gestures at you.
Something tries to feed on your intellect!
You hit the neqoxec but do no damage. The neqoxec hits you.
You barely miss the neqoxec. The neqoxec gestures at you.
Something tries to feed on your intellect!
Unknown command.
You hit the neqoxec but do no damage. The neqoxec barely misses you.
Unknown command.
You closely miss the neqoxec. The neqoxec barely misses you.
Unknown command.
You closely miss the neqoxec. The neqoxec gestures at you.
Strange energies course through your body.
You feel weaker.
Unknown command.
You hit the neqoxec but do no damage. The neqoxec gestures at you.
Something tries to feed on your intellect!
Unknown command.
You miss the neqoxec.
The neqoxec hits you but does no damage.
Unknown command.
Unknown command.
You closely miss the neqoxec.
The neqoxec hits you but does no damage.
Unknown command.
You hit the neqoxec.
The neqoxec is lightly wounded.
The neqoxec hits you!
Ouch! That really hurt!
You die...

#+#
###.##
#3@<.+
#.##.##
#. #+#
#


You could see a neqoxec.

Vanquished Creatures
  A neqoxec (D)
1 creature vanquished.

Notes
Turn   | Place    | Note
-------+----------+-------------------------------------------
     0 | D        | Groucho the Spriggan Enchanter began the quest for the Orb.
     0 | D        | Reached XP level 1. HP: 9/9 MP: 5/5
     1 | D        | Noticed a neqoxec
     4 | D        | Gained mutation: You have hidden genetic defects. [a
                  | neqoxec]
    17 | D        | Killed a neqoxec
    18 | D        | Reached skill level 11 in Stealth
    18 | D        | Reached XP level 2. HP: 9/13 MP: 6/10
    18 | D        | Reached XP level 3. HP: 11/16 MP: 6/11
    18 | D        | Reached XP level 4. HP: 15/21 MP: 7/13
    23 | D        | Noticed a neqoxec
    24 | D        | Gained mutation: You are frail. (-10% HP) [hidden defects]
    30 | D        | Gained mutation: You are weak. (Str -2) [a neqoxec]
    34 | D        | Slain by a neqoxec

Illustrated notes

Levels and vault maps discovered:
D:        the_violet_keep_of_menkaure [sprint2_stairs_cluster_1,
          sprint2_shoproom, sprint2_temple, sprint2_basic_supplies,
          sprint2_obstacle_7, sprint2_obstacle_3, sprint2_obstacle_1,
          sprint2_obstacle_5, sprint2_obstacle_2, sprint2_timed_cluster_1,
          sprint2_smallroom_cluster_1, sprint2_smallroom_final_cluster_1,
          sprint2_transparent_cluster_1, sprint2_second_timed_cluster_1,
          sprint2_sniper_area_1, sprint2_heavy_combat_area_1,
          sprint2_mutation_trap_area_1, sprint2_forest_area_1,
          sprint2_light_combat_area_1, sprint2_behind_water_1,
          sprint2_near_end_vault_1]

Skill      XL: |  1 |
---------------+----+-----
Stealth        | 11 | 11.3
Spellcasting   | 6 |  6.2
Hexes          | 6 |  6.7
Short Blades   | |  1.1
Dodging        | |  2.6

Action                   |  1- 3 |  4- 6 || total
-------------------------+-------+-------++-------
Melee: Dagger            |    15 |    11 ||    26
  Use: Potion            |     1 |     1 ||     2
Armor: Robe              |       |     2 ||     2
Dodge: Dodged            |     4 |     3 ||     7
